 Dungeon Crawl Stone Soup version 0.23.2-40-g277498a (webtiles) character file.

Game seed: 10643412991459542806

27874 CrazyJ the Zephyrmancer (level 13, -1/107 HPs)
             Began as a Yellow Draconian Air Elementalist on Sept 11, 2019.
             Was a High Priest of Vehumet.
             Slain by a hippogriff (3 damage)
             ... on level 2 of the Lair of Beasts.
             The game lasted 02:53:19 (24588 turns).

CrazyJ the Zephyrmancer (DrAE)                     Turns: 24588, Time: 02:53:20

Health: -1/107     AC: 11    Str: 12    XL:     13   Next: 6%
Magic:  2/27       EV: 15    Int: 20    God:    Vehumet [*****.]
Gold:   1166       SH:  0    Dex: 11    Spells: 7/32 levels left

rFire    + . .     SeeInvis .   s - +4 lajatang
rCold    . . .     Gourm    .   (shield currently unavailable)
rNeg     . . .     Faith    .   (armour unavailable)
rPois    .         Spirit   .   (helmet restricted)
rElec    .         Reflect  .   d - +0 cloak
rCorr    +         Harm     .   x - +0 pair of gloves
MR       +....                  c - +0 pair of boots
Stlth    ++........             g - amulet of the acrobat
HPRegen  0.27/turn              K - ring of flight
MPRegen  0.20/turn              h - ring of protection from magic

@: no status effects
A: spit acid, unfitting armour, antennae 1, fire resistance 1, cold-blooded,
subdued magic 1, acid resistance, AC +8
a: Breathe Acid, Renounce Religion, Evoke Flight


You were on level 2 of the Lair of Beasts.
You worshipped Vehumet.
Vehumet was extremely pleased with you.
You were not hungry.

You visited 4 branches of the dungeon, and saw 17 of its levels.
You visited the Abyss 1 time.
You also visited: Sewer and Ossuary.

You collected 1166 gold pieces.

Inventory:

Hand Weapons
 l - a +1 spear of venom
 n - a +3 shortbow
 s - a +4 lajatang (weapon)
 E - a +0 shortbow of freezing
 P - a +0 blowgun
Missiles
 j - 287 arrows
 z - 5 needles of sleeping
 N - 14 poisoned needles
 U - 5 curare-tipped needles
Armour
 c - a +0 pair of boots (worn)
 d - a +0 cloak (worn)
 x - a +0 pair of gloves (worn)
Jewellery
 g - an amulet of the acrobat (around neck)
 h - a ring of protection from magic (right hand)
 K - a ring of flight (left hand)
 T - an uncursed ring of fire
Wands
 e - a wand of disintegration (5)
 y - a wand of digging (14)
 D - a wand of flame (36)
 O - a wand of iceblast (21)
 S - a wand of acid (10)
 V - a wand of scattershot (6)
Scrolls
 i - a scroll of fear
 k - 4 scrolls of identify
 w - 2 scrolls of fog
 C - 4 scrolls of amnesia
 J - 7 scrolls of remove curse
 M - 3 scrolls of teleportation
Potions
 m - 2 potions of might
 o - a potion of invisibility
 v - a potion of brilliance
 A - 5 potions of flight
 B - 2 potions of cancellation
 G - 3 potions of curing
Miscellaneous
 a - a lightning rod (4/4)
Comestibles
 b - 7 rations
 f - 2 chunks of flesh


   Skills:
 + Level 8.0 Fighting
 - Level 0.6(4.5) Polearms
 + Level 7.2 Staves
 + Level 6.4 Dodging
 - Level 1.7 Stealth
 * Level 10.0 Spellcasting
 * Level 9.9 Conjurations
 - Level 2.3 Hexes
 + Level 4.1 Charms
 + Level 1.7 Necromancy
 * Level 10.8 Air Magic


You had 7 spell levels left.
You knew the following spells:

 Your Spells              Type           Power        Failure   Level  Hunger
a - Shock                 Conj/Air       ####         1%          1    None
b - Swiftness             Chrm/Air       ####....     1%          2    None
c - Static Discharge      Conj/Air       #####...     1%          3    None
d - Airstrike             Air            #####.....   1%          4    ##.....
e - Lightning Bolt        Conj/Air       #####.....   1%          5    ####...
f - Flame Tongue          Conj/Fire      ###..        1%          1    None
g - Dazzling Spray        Conj/Hex       ####..       1%          3    None
h - Inner Flame           Hex/Fire       ##......     3%          3    None
i - Regeneration          Chrm/Necr      ###.......   4%          3    None

Your spell library contained the following spells:

 Spells                   Type           Power        Failure   Level  Hunger
 Lee's Rapid Deconstruct  Erth           #.........   38%         5    ####...
 Stone Arrow              Conj/Erth      ###...       1%          3    None
 Animate Skeleton         Necr           N/A          2%          1    None
 Pain                     Necr           ##..         2%          1    None
 Corpse Rot               Necr           N/A          4%          2    None
 Vampiric Draining        Necr           ##........   9%          3    None
 Animate Dead             Necr           N/A          30%         4    ##.....
 Leda's Liquefaction      Hex/Erth       ##........   34%         4    ##.....
 Summon Forest            Summ/Tloc      #.........   86%         5    ####...
 Hydra Form               Tmut           #.........   100%        6    ######.
 Summon Hydra             Summ           #.........   100%        7    #######


Dungeon Overview and Level Annotations

Branches:
Dungeon (11/15)            Temple (1/1) D:6            Lair (3/6) D:8
    Orc (2/2) D:11
  Swamp: Lair:2-4    Shoals: Lair:2-4     Snake: Lair:2-4    Spider: Lair:2-4
    Elf: Orc:2

Altars:
Ashenzari
Cheibriados
Dithmenos
Elyvilon
Fedhas
Gozag
Hepliaklqana
Qazlal
Ru
Sif Muna
Trog
Uskayaw
Vehumet
Xom
Yredelemnul
Zin
Beogh

Annotations:
D:5 3 runed translucent doors, Ortos's ghost, novice HaSk
Lair:1 1 transporter


Innate Abilities, Weirdness & Mutations

You can spit globs of acid.
Your golden yellow scales are hard. (AC +8)
You cannot fit into any form of body armour.
You are cold-blooded and may be slowed by cold attacks.
You are resistant to acid. (rCorr)
You have a pair of small antennae on your head.
Your flesh is heat resistant. (rF+)
Your spells are a little easier to cast, but a little less powerful.


Message History

The hippogriff misses you. The wolf barely misses you.
You slash the wolf!
You kill the wolf!
Vehumet accepts your kill.
You feel your power returning.
The hippogriff bites you but does no damage.
The hippogriff closely misses you. The hippogriff claws you!
* * * LOW HITPOINT WARNING * * *
You slash the hippogriff!
You tail-slap the hippogriff, but do no damage.
The hippogriff is almost dead.
The hippogriff bites you but does no damage.
The hippogriff pecks you but does no damage.
The hippogriff misses you.
You hit the hippogriff.
The hippogriff is almost dead.
The hippogriff bites you!
* * * LOW HITPOINT WARNING * * *
The hippogriff closely misses you. The hippogriff claws you.
You die...

# .......# P....# # #......P#
.... ## ## ..# ...# . .## ##..#
##..# ..####....# #...####. #
..........# ## #...#.... #.##
P.........# #.##...#.#..###....
##.......### ##.............##.#
#P......#P# ##†@..#.............
#.........###††H÷#####..........
#..................#.# #.#....[#
#.....................# #..F..##
#......................##hh#..#.
#........................###.Fh.
##.........................##P...
##........................P##P..F
...........................P##...


You could see a hippogriff.

Vanquished Creatures
  Josephine (D:10)
  Harold (D:7)
  Erica (D:7)
  4 two-headed ogres
  Nergalle (D:11)
  Pikel (D:8)
  An ugly thing (D:11)
  3 black mambas (Lair:2)
  Psyche (D:7)
  A gargoyle (D:10)
  3 spiny frogs
  A rime drake (Lair:1)
  A komodo dragon (Lair:1)
  3 trolls
  Prince Ribbit (D:7)
  3 hippogriffs
  7 blink frogs
  A wyvern (D:8)
  31 yaks
  Eustachio (D:4)
  6 wraiths
  A basilisk (Lair:2)
  Grum (D:8)
  3 hungry ghosts
  2 wargs (Orc:1)
  2 soldier ants (D:11)
  7 water moccasins
  3 porcupines
  Duvessa (D:4)
  3 sky beasts
  10 orc warriors
  5 black bears
  9 ogres
  An eye of draining (D:11)
  2 phantoms
  3 slaves (D:7)
  11 wolves
  13 centaurs
  4 crocodiles
  7 bullfrogs
  Dowan (D:4)
  3 water moccasin zombies (Ossuary)
  A scorpion (D:9)
  7 killer bees
  10 wights
  An electric eel (D:9)
  2 howler monkeys
  12 crimson imps
  2 bullfrog zombies (D:6)
  5 hounds
  5 jellies
  9 orc priests
  A centaur skeleton (D:11)
  18 orc wizards
  2 iguanas
  5 worker ants
  3 big kobold zombies (Ossuary)
  2 hound skeletons
  2 mummies (Ossuary)
  Robin (D:4)
  A howler monkey skeleton (D:8)
  2 howler monkey zombies
  9 adders
  4 gnolls
  6 river rats
  3 shadow imps
  4 adder zombies
  3 adder skeletons
  3 worms
  9 leopard geckos
  67 orcs
  6 giant cockroaches
  11 hobgoblins
  8 jackals
  7 kobolds
  7 quokkas
  3 ball pythons
  4 bats
  11 frilled lizards
  3 gnoll zombies
  13 goblins
  2 hobgoblin zombies (Ossuary)
  3 kobold zombies (Ossuary)
  A leopard gecko skeleton (D:7)
  6 orc zombies (Ossuary)
  2 quokka skeletons
  A quokka zombie (D:7)
  15 rats
  A plant (D:8)
468 creatures vanquished.

Vanquished Creatures (others)
  A slave (D:8)
  3 gnolls (D:3)
  3 orcs
  8 fungi
  17 plants
32 creatures vanquished.

Grand Total: 500 creatures vanquished

Notes
Turn   | Place    | Note
-------+----------+-------------------------------------------
     0 | D:1      | CrazyJ the Draconian Air Elementalist began the quest for
                  | the Orb.
     0 | D:1      | Reached XP level 1. HP: 14/14 MP: 3/3
   262 | D:1      | Reached XP level 2. HP: 22/22 MP: 5/5
   331 | D:1      | Learned a level 2 spell: Swiftness
   700 | D:1      | Reached XP level 3. HP: 27/27 MP: 2/6
   780 | D:1      | Learned a level 3 spell: Static Discharge
  1346 | D:2      | Reached skill level 1 in Fighting
  1544 | D:2      | Reached XP level 4. HP: 35/35 MP: 2/8
  2702 | D:3      | Found a white marble altar of Elyvilon.
  3029 | D:3      | Reached XP level 5. HP: 40/40 MP: 5/9
  3341 | D:3      | Reached skill level 1 in Charms
  4049 | D:4      | Found a glowing drain.
  4106 | Sewer    | Entered a sewer
  4237 | Sewer    | Learned a level 4 spell: Airstrike
  4264 | Sewer    | Reached skill level 1 in Staves
  4281 | Sewer    | HP: 2/41 [river rat (6)]
  4572 | Sewer    | Reached XP level 6. HP: 48/48 MP: 11/11
  5104 | D:4      | Found a shimmering altar of Xom.
  5340 | D:4      | Noticed Eustachio
  5365 | D:4      | Killed Eustachio
  5365 | D:4      | Your scales start taking on a golden yellow colour.
  5365 | D:4      | Reached XP level 7. HP: 25/55 MP: 2/12
  5365 | D:4      | Gained mutation: You are resistant to acid. (rCorr) [Yellow
                  | Draconian growth]
  5645 | D:4      | Found a basalt altar of Yredelemnul.
  5672 | D:4      | Noticed Robin
  5679 | D:4      | Killed Robin
  6159 | D:4      | Noticed Duvessa
  6159 | D:4      | Noticed Dowan
  6162 | D:4      | Killed Duvessa
  6380 | D:5      | Entered Level 5 of the Dungeon
  6544 | D:5      | Reached skill level 5 in Air Magic
  6657 | D:5      | Reached XP level 8. HP: 29/63 MP: 3/14
  6735 | D:5      | Learned a level 5 spell: Lightning Bolt
  7654 | D:5      | Found a runed translucent gate.
  7654 | D:5      | Found a runed translucent gate.
  7655 | D:5      | Found a runed translucent gate.
  7657 | D:5      | Noticed Ortos's ghost (novice HaSk)
  7772 | D:4      | Killed Dowan
  7995 | D:6      | Found a staircase to the Ecumenical Temple.
  8013 | Temple   | Entered the Ecumenical Temple
  8103 | Temple   | Became a worshipper of Vehumet
  8274 | D:6      | Reached skill level 5 in Spellcasting
  8312 | D:6      | Found a sand-covered staircase.
  8320 | Ossuary  | Entered an ossuary
  8494 | Ossuary  | Reached * piety under Vehumet
  8494 | Ossuary  | Offered knowledge of Flame Tongue by Vehumet.
  8594 | Ossuary  | Learned a level 1 spell: Flame Tongue
  9136 | D:6      | Reached XP level 9. HP: 29/71 MP: 14/17
  9445 | D:7      | Noticed Harold
  9451 | D:7      | Killed Harold
  9711 | D:6      | Reached skill level 5 in Conjurations
  9775 | D:7      | Noticed a two-headed ogre
  9788 | D:7      | Killed a two-headed ogre
  9996 | D:7      | Reached XP level 10. HP: 74/80 MP: 8/19
 10025 | D:7      | Reached skill level 5 in Fighting
 10250 | D:7      | Noticed Prince Ribbit
 10256 | D:7      | Reached ** piety under Vehumet
 10256 | D:7      | Offered knowledge of Sandblast by Vehumet.
 10294 | D:7      | Killed Prince Ribbit
 10354 | D:8      | Noticed Pikel
 10664 | D:8      | Noticed Grum
 11013 | D:8      | Cast into level 2 of the Abyss (Grum)
 11069 | Abyss:2  | Noticed a wretched star
 11076 | Abyss:2  | Noticed a lich
 11080 | Abyss:3  | Noticed an elephant
 11080 | Abyss:3  | Noticed a dire elephant
 11080 | Abyss:3  | Noticed a dire elephant
 11080 | Abyss:3  | Noticed a dire elephant
 11102 | D:8      | Escaped the Abyss
 11102 | D:8      | Noticed Erica
 11111 | D:7      | Killed Erica
 11319 | D:8      | Killed Pikel
 11457 | D:8      | Found a hazy altar of Hepliaklqana.
 11505 | D:8      | Noticed a +0 dagger
 11506 | D:8      | Noticed a +0 hand axe
 11517 | D:8      | Noticed Psyche
 11531 | D:7      | HP: 4/82 [something (5)]
 11537 | D:7      | Killed Psyche
 11537 | D:7      | Reached skill level 5 in Staves
 11863 | D:8      | Found a staircase to the Lair.
 12054 | Lair:1   | Entered Level 1 of the Lair of Beasts
 12054 | Lair:1   | Found a transporter.
 12157 | D:8      | Found a glowing silver altar of Zin.
 12229 | D:8      | Found a hide-covered altar of Uskayaw.
 12316 | D:8      | Killed Grum
 12884 | D:9      | Reached XP level 11. HP: 89/89 MP: 16/22
 12961 | D:9      | Offered knowledge of Dazzling Spray by Vehumet.
 12966 | D:9      | Learned a level 3 spell: Dazzling Spray
 13134 | D:9      | Found a sacrificial altar of Ru.
 13183 | D:9      | Found a hazy altar of Hepliaklqana.
 13384 | D:9      | Reached *** piety under Vehumet
 13385 | D:9      | Reached skill level 5 in Dodging
 13421 | D:9      | Noticed a two-headed ogre
 13578 | D:9      | Killed a two-headed ogre
 13879 | D:9      | Found a shattered altar of Ashenzari.
 14390 | D:9      | Gained mutation: Your flesh is heat resistant. (rF+)
                  | [potion of mutation]
 14390 | D:9      | Gained mutation: Your spells are a little easier to cast,
                  | but a little less powerful. [potion of mutation]
 14390 | D:9      | Gained mutation: You have a pair of small antennae on your
                  | head. [potion of mutation]
 14536 | D:9      | Reached skill level 1 in Hexes
 14595 | D:10     | Entered Level 10 of the Dungeon
 14605 | D:10     | Offered knowledge of Force Lance by Vehumet.
 14900 | D:10     | Noticed a two-headed ogre
 14913 | D:10     | Killed a two-headed ogre
 16378 | D:10     | Found an opulent altar of Gozag.
 16544 | D:11     | Noticed a two-headed ogre
 16559 | D:11     | Noticed Josephine
 16564 | D:11     | Killed a two-headed ogre
 16802 | D:10     | Killed Josephine
 17281 | D:11     | Reached **** piety under Vehumet
 17377 | D:11     | Reached XP level 12. HP: 80/100 MP: 6/25
 17387 | D:10     | Offered knowledge of Inner Flame by Vehumet.
 17392 | D:10     | Learned a level 3 spell: Inner Flame
 18975 | D:11     | Reached skill level 10 in Air Magic
 19172 | D:11     | Found a staircase to the Orcish Mines.
 19183 | D:11     | Noticed Nergalle
 19197 | D:11     | Killed Nergalle
 19581 | Orc:1    | Entered Level 1 of the Orcish Mines
 20382 | Orc:1    | Reached ***** piety under Vehumet
 20382 | Orc:1    | Offered knowledge of Lee's Rapid Deconstruction by Vehumet.
 20620 | Orc:1    | Found a roughly hewn altar of Beogh.
 20786 | Orc:2    | Entered Level 2 of the Orcish Mines
 20884 | Orc:2    | Noticed an orc warlord
 21569 | D:8      | Learned a level 3 spell: Regeneration
 22740 | Lair:1   | Noticed a seven-headed hydra
 22954 | Lair:2   | Reached skill level 1 in Necromancy
 24200 | Lair:2   | Reached XP level 13. HP: 51/107 MP: 11/26
 24579 | Lair:2   | Reached skill level 10 in Spellcasting
 24588 | Lair:2   | HP: 2/107 [hippogriff (10)]
 24588 | Lair:2   | Slain by a hippogriff

Skill      XL: |  1  2  3  4  5  6  7  8  9 10 11 12 13 |
---------------+----------------------------------------+-----
Dodging        | 2 3 4 5 6 |  6.4
Fighting       | 1 2 3 4 6 7 8 |  8.0
Spellcasting   | 3 4 5 6 7 9 10 | 10.0
Conjurations   | 2 3 4 5 7 8 9 |  9.9
Charms         | 1 2 3 4 |  4.1
Air Magic      | 4 5 6 7 8 9 10 | 10.8
Staves         | 1 2 3 4 5 6 7 |  7.2
Hexes          | 1 2 |  2.3
Necromancy     | 1 |  1.7
Polearms       | |  0.6
Stealth        | |  1.7

Action                   |  1- 3 |  4- 6 |  7- 9 | 10-12 | 13-15 || total
-------------------------+-------+-------+-------+-------+-------++-------
Melee: Dagger            |    21 |       |       |       |       ||    21
       Tailslap          |     4 |    12 |    20 |    32 |     3 ||    71
       Unarmed           |     1 |       |       |       |       ||     1
       Spear             |    38 |    21 |       |       |       ||    59
       Lajatang          |       |   138 |   235 |   441 |    18 ||   832
 Cast: Shock             |    37 |    86 |   110 |   183 |       ||   416
       Static Discharge  |       |     4 |    21 |   136 |     8 ||   169
       Airstrike         |       |       |     6 |    94 |     3 ||   103
       Flame Tongue      |       |       |     3 |    11 |     2 ||    16
       Swiftness         |       |       |     1 |     7 |     1 ||     9
       Lightning Bolt    |       |       |       |    33 |     3 ||    36
       Dazzling Spray    |       |       |       |    34 |     1 ||    35
       Regeneration      |       |       |       |    10 |     1 ||    11
       Inner Flame       |       |       |       |     2 |       ||     2
 Abil: Breathe Acid      |       |       |    10 |    22 |     1 ||    33
Evoke: Wand              |       |       |       |       |     1 ||     1
  Use: Scroll            |       |     3 |     7 |    11 |     1 ||    22
       Potion            |       |     3 |     2 |    21 |       ||    26
 Stab: Sleeping          |     8 |     6 |     1 |     1 |       ||    16
       Invisible         |       |       |       |     1 |       ||     1
  Eat: Chunk             |     2 |    12 |     7 |    41 |       ||    62
       Ration            |       |     1 |     4 |     7 |     1 ||    13
Armor: Skin              |    29 |    89 |   136 |   196 |    27 ||   477
Dodge: Dodged            |    66 |   151 |   218 |   730 |    77 ||  1242
